Map: Neon Violet Square LE

Players

JJAKJI

  • Race: Terran Terran
  • League: Platinum
  • Spawn Location: 5:00

Solar - Winner!

  • Race: Zerg Zerg
  • Spawn Location: 11:00

Event: HomeStory Cup XVI

VOD

Have the link to the VOD?

Description

Time

  • Played on: Nov. 11, 2017, 1 p.m.
  • Length: 18:29

All games in this series

Show
View Real Time Build Order
Export as new Build Order

JJAKJI Terran 

Build Orders: Command Center First (CC), Liberator Opening, MMM Bio 

Get SALT Encoding   

  12  0:00  SCV  
  13  0:13  SCV  
  14  0:17  Supply Depot  
  14  0:25  SCV  
  15  0:39  SCV  
  16  0:51  SCV  
  17  1:00  Command Center  
  18  1:04  SCV  
  18  1:14  Barracks  
  18  1:18  SCV  
  19  1:22  Refinery  
  19  1:30  SCV  
  19  1:32  Refinery  
  20  1:42  SCV  
  22  1:54  SCV  
  22  2:01  Marine  
  23  2:06  Orbital Command  
  23  2:12  Orbital Command  
  23  2:16  Factory  
  23  2:20  Barracks Reactor  
  23  2:32  SCV  
  23  2:33  Supply Depot  
  24  2:38  SCV  
  25  2:44  SCV  
  25  2:50  SCV  
  27  2:56  SCV  
  28  3:00  Starport  
  28  3:03  SCV  
  31  3:05  Hellion  
  31  3:06  Hellion  
  31  3:09  SCV  
  34  3:14  Supply Depot  
  34  3:15  SCV  
  34  3:16  Barracks Tech Lab  
  35  3:21  SCV  
  38  3:27  Hellion x2  
  38  3:32  SCV  
  38  3:33  SCV  
  42  3:38  Supply Depot  
  42  3:44  Medivac, SCV  
  42  3:45  SCV  
  46  3:55  Hellion x2  
  50  3:56  SCV  
  50  3:57  Liberator, SCV  
  50  3:58  Barracks Tech Lab  
  50  4:01  Armory  
  52  4:08  SCV  
  52  4:09  SCV  
  54  4:10  Supply Depot  
  57  4:18  Hellion x2  
  57  4:20  Marine  
  57  4:21  Stimpack  
  62  4:27  Supply Depot  
  62  4:31  SCV  
  62  4:32  SCV  
  62  4:38  Marine  
  64  4:43  SCV  
  64  4:44  Command Center  
  66  4:50  Supply Depot  
  66  4:52  SCV  
  67  4:55  SCV  
  67  4:57  Factory Reactor  
  67  4:58  Marine  
  69  5:00  Barracks x2  
  69  5:06  Engineering Bay, SCV  
  70  5:07  Engineering Bay  
  70  5:10  Hellion x2  
  70  5:16  Marine  
  71  5:25  SCV  
  71  5:26  Starport Reactor  
  68  5:29  Barracks  
  68  5:30  Barracks  
  68  5:32  SCV  
  68  5:33  Marine  
  68  5:35  Terran Infantry Armor Level 1, Terran Infantry Weapons Level 1  
  70  5:37  SCV  
  71  5:44  SCV  
  71  5:49  SCV  
  70  5:51  Marine  
  70  5:53  Marine x2  
  70  5:56  SCV  
  74  5:57  Refinery x2  
  74  6:00  Factory Reactor  
  74  6:01  SCV  
  73  6:07  Marine x2  
  73  6:08  Medivac, SCV  
  73  6:09  Medivac, Marine  
  79  6:11  Marine  
  79  6:13  SCV  
  79  6:14  Orbital Command  
  81  6:18  Barracks Reactor x2  
  81  6:20  SCV  
  81  6:21  Marine  
  81  6:25  SCV, Marine x2  
  85  6:27  Marine  
  85  6:29  Combat Shields, Marine  
  88  6:33  SCV  
  88  6:36  Widow Mine x2  
  88  6:37  SCV  
  88  6:38  Marine  
  95  6:41  SCV  
  95  6:45  SCV, Marine  
  98  6:48  Supply Depot x2  
  98  6:49  SCV  
  98  6:50  Marine  
  98  6:51  Marine  
  101  6:59  Missile Turret  
  101  7:03  Missile Turret  
  101  7:09  Medivac x2, SCV, Marine x9  
  101  7:11  Supply Depot  
  101  7:13  Supply Depot  
  101  7:15  Widow Mine  
  117  7:22  Liberator  
  117  7:25  Widow Mine  
  117  7:27  Marine x4  
  117  7:33  Marine x2  
  119  7:37  Marine  
  119  7:39  Medivac, Marine x2  
  119  7:41  Barracks x2  
  119  7:42  Barracks  
  121  7:44  SCV x2  
  121  7:46  Supply Depot  
  121  7:47  Supply Depot  
  122  7:53  Marine x6  
  122  7:55  SCV, Marine  
  122  7:56  SCV  
  122  7:57  Refinery  
  122  7:58  Supply Depot, Refinery  
  133  7:59  Marine  
  133  8:00  Marauder  
  133  8:01  Supply Depot, Terran Infantry Weapons Level 2  
  133  8:02  Terran Infantry Armor Level 2  
  132  8:09  SCV x3  
  132  8:11  Marine  
  136  8:21  SCV x3  
  139  8:28  Marauder  
  139  8:29  Marine x2  
  139  8:30  Command Center, Marine x7  
  149  8:39  Barracks Tech Lab x2  
  141  8:47  Marine  
  136  8:50  Marauder  
  132  8:57  SCV x3  
  132  9:02  Marauder x2  
  137  9:05  Marine x6  
  137  9:06  Marine x3  
  146  9:11  Marauder  
  146  9:16  SCV x3  
  151  9:22  Starport  
  151  9:23  Marauder, Marine x9  
  163  9:24  Fusion Core  
  163  9:25  Starport  
  163  9:30  Concussive Shells, Barracks Tech Lab  
  162  9:32  Medivac, Marine  
  162  9:38  Supply Depot  
  165  9:39  Supply Depot  
  165  9:44  Marauder  
  165  9:45  Marine  
  165  9:48  Liberator x2  
  165  9:53  Liberator  
  165  9:56  Terran Vehicle And Ship Armor Level 1  
  165  9:58  Medivac, Marine x6  
  163  10:00  SCV x3  
  163  10:01  Missile Turret  
  172  10:17  Advanced Ballistics  
  172  10:19  Planetary Fortress  
  172  10:25  Liberator  
  165  10:29  Marauder x2  
  165  10:32  Marauder  
  171  10:40  Sensor Tower  
  174  10:47  Terran Infantry Armor Level 3  
  174  10:48  Missile Turret  
  173  10:56  Terran Infantry Weapons Level 3  
  171  11:00  Missile Turret  
  171  11:01  SCV  
  171  11:02  SCV x3  
  175  11:12  Marauder, Liberator  
  175  11:13  Marauder, Liberator x2  
  188  11:33  Medivac  
  188  11:37  Liberator  
  188  11:38  Refinery  
  188  11:39  Refinery, Command Center  
  190  11:40  Missile Turret  
  190  11:48  Liberator  
  190  11:50  Supply Depot  
  190  11:51  Ghost Academy  
  190  11:55  Liberator, Barracks x2  
  193  12:12  Liberator  
  193  12:14  Liberator  
  193  12:15  Marauder x2  
  200  12:33  Missile Turret  
  200  12:36  Command Center  
  200  12:38  Command Center  
  200  12:41  Terran Vehicle And Ship Armor Level 2  
  200  12:49  Barracks Tech Lab x2  
  200  12:55  Missile Turret  
  200  12:57  Missile Turret  
  200  13:03  Missile Turret  
  200  13:06  Missile Turret  
  200  13:13  Missile Turret  
  200  13:20  Planetary Fortress  
  200  13:27  Missile Turret  
  200  13:28  Missile Turret  
  200  13:30  Missile Turret  
  200  13:31  Missile Turret  
  200  13:32  Missile Turret  
  200  13:33  Missile Turret  
  200  13:38  Hi-Sec Auto Tracking, Building Armor  
  200  13:42  Liberator x3  
  200  13:45  Liberator  
  200  13:48  Marauder x3  
  197  13:53  Marine  
  197  13:54  Marine x5  
  194  14:00  Marine  
  194  14:01  Unknown  
  194  14:02  Unknown x3  
  197  14:08  Marauder  
  200  14:15  Liberator  
  194  14:17  Supply Depot  
  194  14:18  Supply Depot  
  187  14:30  Barracks Tech Lab  
  187  14:40  Planetary Fortress  
  185  14:46  Medivac x2  
  176  14:54  Medivac  
  176  15:06  SCV x4  
  180  15:15  Medivac  
  180  15:16  Medivac x2  
  180  15:17  SCV  
  180  15:18  SCV  
  186  15:26  Sensor Tower  
  186  15:28  Missile Turret x2  
  186  15:32  Missile Turret  
  174  15:49  Supply Depot  
  162  15:50  SCV x2  
  162  15:51  Supply Depot x2  
  160  16:00  Missile Turret  
  160  16:01  Missile Turret  
  152  16:19  Missile Turret  
  152  16:21  Missile Turret  
  152  16:22  Missile Turret  
  151  16:32  Liberator x2  
  147  16:41  Liberator  
  142  16:47  Marine  
  142  16:48  Marine x2  
  142  16:49  Marauder, Marine  
  142  16:52  Marauder  
  142  16:53  Marauder  
  140  16:54  SCV x2  
  140  16:55  SCV  
  140  16:56  Marauder  
  140  17:06  SCV  
  125  17:17  Supply Depot  
  125  17:18  Supply Depot  
  125  17:20  Supply Depot  
  70  17:39  Marauder x3  
  74  17:50  Marine  
  74  17:51  Marine x4  
  79  17:53  Marine  
  79  17:57  Marine  
  68  18:07  Marine x2  
Show
View Real Time Build Order
Export as new Build Order

Solar Zerg - Winner!

Build Orders: Hatch First 

Get SALT Encoding   

  12  0:00  Drone  
  13  0:13  Overlord  
  13  0:17  Drone  
  14  0:31  Drone x2  
  14  0:35  Drone  
  17  0:52  Hatchery  
  17  0:55  Drone  
  17  0:58  Drone  
  17  1:02  Extractor  
  17  1:14  Spawning Pool  
  17  1:17  Drone  
  17  1:20  Drone  
  18  1:29  Drone  
  19  1:39  Drone  
  20  1:50  Overlord  
  20  2:01  Queen  
  22  2:02  Metabolic Boost  
  22  2:03  Queen  
  22  2:05  Zergling x2  
  25  2:09  Zergling x2  
  25  2:11  Drone  
  27  2:17  Drone  
  27  2:22  Drone  
  29  2:25  Drone  
  30  2:33  Drone  
  31  2:38  Pneumatized Carapace  
  31  2:39  Queen  
  31  2:44  Overlord  
  33  2:47  Drone  
  33  2:49  Drone  
  35  2:54  Drone  
  36  3:02  Drone  
  36  3:04  Overlord  
  37  3:08  Drone x4  
  37  3:10  Drone  
  37  3:11  Drone  
  43  3:14  Drone  
  44  3:29  Hatchery  
  44  3:31  Drone x3  
  45  3:36  Overlord  
  45  3:45  Queen  
  45  3:46  Overlord  
  47  3:51  Zergling x8  
  47  3:54  Overlord  
  52  3:55  Zergling x2  
  52  3:56  Drone  
  52  3:58  Drone  
  54  4:03  Drone  
  54  4:06  Lair  
  54  4:08  Drone  
  56  4:12  Drone  
  56  4:13  Extractor x2  
  56  4:16  Baneling Nest  
  54  4:18  Drone  
  54  4:20  Queen  
  54  4:21  Drone  
  54  4:22  Zergling x2  
  54  4:23  Zergling x2  
  60  4:26  Spore Crawler  
  60  4:27  Drone  
  60  4:33  Drone  
  60  4:34  Drone  
  60  4:37  Spore Crawler  
  61  4:40  Queen  
  61  4:41  Drone  
  61  4:42  Drone  
  65  4:47  Drone x2  
  65  4:50  Overlord  
  65  4:52  Drone x2  
  69  4:56  Drone x3  
  69  4:59  Baneling x3  
  72  5:00  Baneling  
  72  5:05  Overseer  
  72  5:06  Zergling x2  
  73  5:07  Zergling x2  
  73  5:08  Zergling x2  
  73  5:09  Zergling x2  
  73  5:12  Overlord  
  73  5:13  Drone  
  77  5:15  Spore Crawler  
  77  5:18  Drone  
  77  5:19  Drone  
  78  5:21  Drone  
  78  5:27  Drone  
  78  5:30  Drone x2  
  78  5:31  Evolution Chamber  
  78  5:33  Evolution Chamber  
  78  5:35  Spore Crawler  
  77  5:36  Zergling x12  
  77  5:40  Baneling  
  77  5:41  Baneling x2  
  80  5:55  Overlord  
  80  6:03  Drone x3  
  82  6:10  Zerg Ground Armor Level 1  
  82  6:14  Drone  
  82  6:15  Centrifical Hooks, Zerg Melee Weapons Level 1  
  82  6:16  Drone x3  
  86  6:19  Hatchery  
  86  6:20  Extractor  
  86  6:21  Extractor, Drone x5  
  86  6:24  Drone x2  
  90  6:26  Drone  
  90  6:28  Overlord  
  90  6:32  Drone x2  
  93  6:35  Hydralisk Den  
  93  6:36  Overlord  
  93  6:38  Drone x2  
  94  6:44  Zergling x8  
  94  6:45  Baneling, Zergling x2  
  94  6:46  Baneling x3  
  99  6:47  Baneling x2  
  99  6:49  Overlord  
  99  6:52  Zergling x2  
  99  6:53  Zergling x4  
  103  6:54  Zergling x2  
  103  6:55  Zergling x2  
  103  6:57  Overlord  
  103  6:58  Zergling x2  
  105  7:04  Zergling x2  
  105  7:05  Muscular Augments  
  105  7:08  Hydralisk x2  
  108  7:15  Zergling x2  
  110  7:21  Zergling x8  
  110  7:22  Zergling x2  
  105  7:31  Hydralisk  
  105  7:32  Hydralisk x5  
  105  7:37  Zergling x4  
  118  7:39  Baneling x4  
  114  7:44  Zergling x4  
  114  7:45  Overlord, Zergling x4  
  114  7:47  Drone  
  114  7:49  Drone  
  114  7:50  Queen  
  122  7:56  Infestation Pit, Drone x2  
  123  8:00  Drone x2  
  123  8:04  Drone x4  
  129  8:08  Zerg Ground Armor Level 2  
  129  8:11  Extractor, Drone x4  
  132  8:12  Hydralisk  
  132  8:15  Hydralisk x2  
  132  8:19  Zergling x6  
  141  8:21  Baneling x5  
  141  8:26  Overlord  
  141  8:33  Hydralisk x2  
  145  8:34  Zergling x2  
  145  8:37  Zergling x6  
  145  8:39  Zergling x2  
  146  8:42  Overlord  
  146  8:43  Overlord  
  146  8:45  Hydralisk x2  
  146  8:47  Zergling x14  
  150  8:54  Hydralisk  
  150  9:00  Hive, Zergling x2  
  150  9:02  Zergling x4  
  152  9:09  Extractor  
  151  9:10  Zerg Melee Weapons Level 2  
  151  9:11  Hatchery  
  151  9:12  Zergling x14  
  151  9:17  Zergling x8  
  158  9:18  Baneling x3  
  158  9:19  Baneling  
  158  9:20  Zergling x4  
  158  9:22  Baneling x4  
  160  9:31  Hydralisk x4  
  168  9:39  Overlord  
  168  9:42  Overlord  
  168  9:45  Overlord  
  168  9:46  Overlord  
  168  9:48  Overlord  
  168  9:49  Overlord  
  168  9:50  Baneling x3  
  168  9:51  Baneling x2  
  168  9:53  Overlord  
  168  9:56  Queen  
  168  9:57  Overlord  
  168  9:59  Zergling x6  
  172  10:00  Zergling x2  
  172  10:05  Baneling x4  
  172  10:06  Baneling  
  167  10:11  Zergling x18  
  167  10:13  Zergling x2  
  177  10:16  Zergling x6  
  177  10:19  Zergling x2  
  177  10:20  Zergling x6  
  184  10:27  Zergling x8  
  184  10:28  Zergling x2  
  182  10:33  Adrenal Glands  
  182  10:34  Ultralisk Cavern  
  181  10:36  Baneling x3  
  181  10:37  Baneling x3  
  181  10:38  Viper  
  184  10:43  Baneling x7  
  184  10:44  Zergling x2  
  184  10:46  Baneling x4  
  184  10:47  Zergling x2  
  186  10:50  Zergling x8  
  186  10:56  Zerg Missile Weapons Level 1  
  184  10:59  Zergling x12  
  184  11:03  Drone  
  191  11:06  Drone  
  191  11:25  Ultralisk  
  196  11:27  Chitinous Plating  
  196  11:33  Zerg Ground Armor Level 3  
  196  11:34  Extractor  
  196  11:35  Spire  
  194  11:40  Baneling x6  
  194  11:41  Baneling x5  
  194  11:42  Zergling x10  
  194  11:44  Hatchery  
  198  11:53  Zergling x2  
  198  12:01  Baneling  
  198  12:05  Spore Crawler  
  198  12:08  Baneling  
  192  12:16  Spore Crawler, Drone x4  
  192  12:24  Ultralisk  
  196  12:31  Drone x2  
  196  12:34  Spore Crawler  
  197  12:39  Zergling x6  
  200  12:49  Zerg Flyer Weapons Level 1  
  200  12:50  Zerg Melee Weapons Level 3  
  200  12:51  Hatchery  
  199  12:58  Baneling x16  
  199  13:15  Spore Crawler  
  199  13:16  Hydralisk  
  200  13:26  Overlord  
  200  13:41  Ultralisk, Queen, Zergling x2  
  191  13:43  Zergling x10  
  191  13:44  Zergling x4  
  191  13:45  Zergling x6  
  191  13:46  Zergling x2  
  200  13:51  Zergling x2  
  200  13:53  Zergling x2  
  200  13:54  Zergling x2  
  197  13:59  Zergling x2  
  197  14:00  Zergling x4  
  196  14:04  Zergling x12  
  196  14:05  Zergling x2  
  196  14:09  Zergling x14  
  192  14:15  Hatchery  
  184  14:19  Corruptor  
  184  14:20  Corruptor x4  
  184  14:23  Viper  
  184  14:24  Corruptor x4  
  198  14:34  Baneling x3  
  198  14:35  Baneling x20  
  197  14:39  Zergling x4  
  199  14:51  Zergling x2  
  196  14:54  Zergling x8  
  196  14:59  Zerg Flyer Weapons Level 2  
  200  15:03  Baneling x9  
  200  15:04  Baneling x4  
  199  15:24  Zergling x2  
  199  15:25  Zergling x2  
  199  15:26  Zergling x4  
  200  15:33  Queen  
  200  15:34  Ultralisk, Zergling x2  
  194  15:36  Zergling x2  
  194  15:37  Zergling x14  
  194  15:40  Zergling x20  
  199  15:45  Zergling x2  
  197  15:50  Zergling x6  
  193  15:59  Baneling x16  
  193  16:01  Corruptor  
  194  16:06  Corruptor, Drone x2  
  191  16:11  Corruptor  
  191  16:12  Corruptor  
  192  16:27  Corruptor x4  
  198  16:35  Zergling x2  
  198  16:36  Zergling x4  
  200  16:45  Zergling x2  
  200  16:46  Zergling x4  
  199  16:49  Zergling x2  
  199  17:00  Zergling x2  
  199  17:01  Hatchery, Zergling x2  
  200  17:03  Zergling x4  
  196  17:08  Zergling x2  
  196  17:09  Zergling x2  
  196  17:11  Zergling x2  
  196  17:13  Zergling x2  
  194  17:23  Ultralisk  
  194  17:25  Zergling x2  
  194  17:26  Zergling x2  
  194  17:27  Zergling x2  
  172  17:31  Zergling x2  
  162  17:40  Hatchery  
  153  17:52  Zergling x4  
  153  17:53  Zergling x2  
  153  17:54  Baneling x4  
  156  18:00  Zergling x2  
  156  18:01  Zergling x2  
  156  18:03  Zergling x2  
  156  18:05  Zergling x2  
  151  18:06  Zergling x2  
  151  18:10  Zergling x2  
Tags
 
Add a new tag
Caveats
  • Supply blocks, unpowered buildings, or Contaminate may cause inaccurate times.
  • Supply counts are checked every 10 seconds.